 Dungeon Crawl Stone Soup version 0.17.0-28-g6e173f8 (webtiles) character file.

222570 Redz the Blocker (level 19, -4/120 HPs)
             Began as a Gargoyle Warper on Nov 25, 2015.
             Was the Champion of Okawaru.
             Slain by a six-headed hydra (11 damage)
             ... called by a spriggan druid
             ... on level 4 of the Swamp on Nov 28, 2015.
             The game lasted 05:34:34 (50872 turns).

Redz the Blocker (Gargoyle Warper)                 Turns: 50872, Time: 05:34:34

Health: -4/120     AC: 33    Str: 15    XL:     19   Next: 24%
Magic:  32/32      EV: 10    Int: 22    God:    Okawaru [******]
Gold:   967        SH: 16    Dex: 10    Spells: 6 memorised, 17 levels left

rFire  . . .     SeeInvis .     s - +6 morningstar "Ytill" {freeze, Dex+3}
rCold  . . .     Clarity  .     N - +4 troll leather armour
rNeg   + + .     SustAt   .     a - +4 shield "Buprijiu" {rElec rN+ Dex-2}
rPois  ∞         Gourm    .     m - +1 hat
rElec  +         Spirit   .     n - +1 cloak
rCorr  .         Warding  .     U - +1 pair of gloves
rMut   .         Stasis   .     C - +2 pair of boots {run}
MR     ++...                    e - amulet of rage
Stlth  +++++.....               Y - ring of protection from magic
                                o - ring of wizardry

@: exhausted, grasped by roots, slowed, studying Shields, very slow, very
resistant to hostile enchantments, quite stealthy
A: big wings, negative energy resistance 1, electricity resistance, unbreathing,
petrification resistance, rot immunity, AC +13
a: Fly, Heroism, Finesse, Renounce Religion, Evoke Berserk Rage
}: 1/15 runes: serpentine


You were on level 4 of the Swamp.
You worshipped Okawaru.
Okawaru was exalted by your worship.
You were hungry.

You visited 7 branches of the dungeon, and saw 37 of its levels.
You also visited: Bailey and Volcano.

You collected 3653 gold pieces.
You spent 2686 gold pieces at shops.

Inventory:

Hand Weapons
 s - the +6 morningstar "Ytill" (weapon) {freeze, Dex+3}
   (Okawaru gifted it to you on level 4 of the Lair of Beasts)

   It has been specially enchanted to freeze those struck by it, causing extra
   injury to most foes and up to half again as much damage against particularly
   susceptible opponents.
   It can also slow down cold-blooded creatures.
   It affects your dexterity (+3).
 D - the +4 morningstar of Cobwebs {flame, MP+9}
   (You bought it in a shop on level 13 of the Dungeon)

   It has been specially enchanted to burn those struck by it, causing extra
   injury to most foes and up to half again as much damage against particularly
   susceptible opponents.
   It affects your magic capacity (+9).
Armour
 a - the +4 shield "Buprijiu" (worn) {rElec rN+ Dex-2}
   (You found it on level 1 of the Snake Pit)

   It affects your dexterity (-2).
   It insulates you from electricity.
   It protects you from negative energy.
 m - a +1 hat (worn)
 n - a +1 cloak (worn)
 C - a +2 pair of boots of running (worn)
 N - a +4 troll leather armour (worn)
 U - a +1 pair of gloves (worn)
Jewellery
 c - an uncursed amulet of resist mutation
 e - an amulet of rage (around neck)
 o - a ring of wizardry (left hand)
 y - an uncursed ring of see invisible
 Y - a ring of protection from magic (right hand)
Wands
 d - a wand of fireball (1)
 k - a wand of heal wounds (1)
 x - a wand of heal wounds (5)
 E - a wand of paralysis (24)
 H - a wand of teleportation (6)
 S - a wand of lightning (7)
 T - a wand of digging (7)
 X - a wand of draining (8)
Scrolls
 i - 4 scrolls of immolation
 l - 6 scrolls of identify
 p - 4 scrolls of fog
 t - 3 scrolls of teleportation
 u - 14 scrolls of remove curse
 v - 2 scrolls of enchant armour
 w - 2 scrolls of magic mapping
 z - 6 scrolls of fear
 L - a scroll of recharging
 M - a scroll of amnesia
 R - a scroll of holy word
Potions
 b - 4 potions of haste
 j - 6 potions of brilliance
 q - 7 potions of might
 r - 14 potions of curing
 G - 4 potions of agility
 I - a potion of magic
 K - 4 potions of berserk rage
 Q - a potion of resistance
Books
 A - a book of Annihilations

   Spells                             Type                      Level
   a - Poison Arrow                   Conjuration/Poison           6
   b - Chain Lightning                Conjuration/Air              8
   c - Lehudib's Crystal Spear        Conjuration/Earth            8
   d - Glaciate                       Conjuration/Ice              9
   e - Fire Storm                     Conjuration/Fire             9
 F - a manual of Shields
Comestibles
 f - a chunk of flesh
 g - 6 fruits
 h - 13 meat rations
 B - 10 slices of pizza
 J - 6 beef jerkies
 O - a bread ration


   Skills:
 * Level 13.4 Fighting
 + Level 12.1 Maces & Flails
 - Level 0.8 Throwing
 + Level 11.3 Armour
 + Level 9.3 Dodging
 + Level 12.2 Stealth
 * Level 13.6 Shields
 * Level 9.9 Spellcasting
 + Level 12.5 Conjurations
 + Level 8.0 Translocations
 + Level 13.2 Earth Magic
 - Level 4.0 Invocations
 + Level 6.0 Evocations


You had 17 spell levels left.
You knew the following spells:

 Your Spells              Type           Power        Failure   Level  Hunger
a - Apportation           Tloc           #####.....   1%          1    None
b - Blink                 Tloc           N/A          1%          2    None
c - Shroud of Golubria    Chrm/Tloc      ####......   1%          2    None
d - Passage of Golubria   Tloc           N/A          1%          4    ##.....
e - Iron Shot             Conj/Erth      ######....   4%          6    ######.
f - Phase Shift           Tloc           #####.....   4%          5    ####...


Dungeon Overview and Level Annotations

Branches:
Dungeon (15/15)            Temple (1/1) D:5            Lair (8/8) D:11
  Swamp (4/4) Lair:4        Snake (4/4) Lair:5        Slime (0/6) Lair:8
    Orc (4/4) D:11            Elf (1/3) Orc:4        Vaults (0/5) D:13
 Depths (0/5) D:15

Altars:
Ashenzari
Cheibriados
Dithmenos
Elyvilon
Fedhas
Gozag
Kikubaaqudgha
Makhleb
Nemelex Xobeh
Okawaru
Qazlal
Ru
Sif Muna
Trog
Vehumet
Xom
Yredelemnul
Zin
The Shining One
Jiyva

Shops:
D:5 *   D:6 *   D:8 =   D:10 *   D:11 [   D:13 =(=   Orc:1 }   Orc:3 !*?}(
Orc:4 ?[!%[   Snake:2 !

Portals:
Trove: D:11 (give +5 demon trident)

Annotations:
D:2 Terence
Lair:8 1 exclusion
Swamp:2 exclusion: Roxanne, Roxanne
Orc:3 1 exclusion


Innate Abilities, Weirdness & Mutations

You are resistant to torment.
Your stone body is resilient (AC +13).
You are immune to poison.
Your large and strong wings let you fly indefinitely.
You resist negative energy.
You are resistant to electric shocks.
You can survive without breathing.
You are immune to petrification.
You are immune to rotting.


Message History

You block the swamp dragon's attack.
The swamp dragon claws you but does no damage.
The swamp dragon tramples you.
* * * LOW HITPOINT WARNING * * *
You hold your ground!
An eight-headed hydra comes into view.
You are too berserk!
You feel a strong urge to attack something.
You block the swamp drake's attack.
The eight-headed hydra moves out of view.
You are no longer berserk.
You are exhausted.
You feel yourself slow down.
You are feeling hungry.
The six-headed hydra bites you but does no damage.
You block the six-headed hydra's attack.
The six-headed hydra bites you but does no damage. x2
The six-headed hydra completely misses you.
The six-headed hydra bites you!
You die...

♣♣...≈♣.♣≈.≈.......≈...♣.
♣♣..≈≈≈≈♣......≈≈≈.....≈
♣....≈..≈.....≈...≈≈≈≈≈
♣≈.....♣≈....≈.......♣♣
♣♣...§..≈≈.≈.≈.≈..♣..♣♣≈
♣≈≈≈≈§.≈≈......≈≈.♣.♣♣.♣
♣♣....≈≈≈.≈.^.≈≈...♣♣[.♣
♣.≈≈.≈..≈...≈≈...≈♣÷†♣♣.≈
♣♣..≈..≈@.≈≈.....≈♣♣♣♣ ♣♣
♣.≈.≈.iwDDk...≈.≈..
♣♣..≈.≈DD..♣.≈≈..♣≈
♣≈....DkD..≈D... ≈
♣♣......Df≈≈..≈≈.
♣≈.≈.....i..§.≈≈.
♣♣....≈.≈.≈..≈≈.
♣♣.≈..≈.≈.≈≈≈.≈≈
♣≈....≈...≈≈≈.≈.


You could see a shambling mangrove, an eight-headed hydra, 4 six-headed hydras,
3 swamp dragons, a giant leech, a spriggan druid, 2 swamp drakes and a spriggan.

Vanquished Creatures
  Jorgrun (Swamp:2)
  Rupert (Orc:2)
  Gastronok (D:12)
  Wiglaf (Snake:4)
  Maud (Lair:6)
  Aizul (Snake:4)
  Louise (Swamp:1)
  10 greater nagas
  A very ugly thing (Swamp:2)
  A stone giant (Orc:4)
  A dire elephant (Lair:3)
  Snorg (Lair:6)
  4 vault guards (D:13)
  An ettin (D:14)
  A yaktaur captain (D:15)
  19 naga warriors
  16 hydras
  The ghost of Starve the Carver, a journeyman HEWr of Sif Muna (D:11)
  9 anacondas
  4 centaur warriors
  4 ghost crabs (Swamp:3)
  13 alligators
  4 tengu warriors
  23 naga sharpshooters
  6 shock serpents
  5 death yaks (Lair:8)
  5 orc high priests (Orc:4)
  Nergalle (Lair:3)
  3 spriggans (Swamp:2)
  A deep elf knight (D:14)
  A salamander mystic (Snake:3)
  2 spriggan druids (Swamp:4)
  6 swamp dragons
  3 unseen horrors
  A shambling mangrove (Swamp:2)
  7 naga ritualists
  4 hill giants
  10 mana vipers
  11 orc knights
  A lindwurm (Lair:3)
  2 oklob plants
  The ghost of Kloppie the Chopper, a novice CeFi of Elyvilon (D:6)
  2 manticores
  An orc sorcerer (Orc:4)
  A hornet (Swamp:4)
  4 cyclopes
  5 griffons
  7 salamanders
  11 ugly things
  5 guardian serpents
  44 black mambas
  14 elephants
  24 naga magi
  23 spiny frogs
  2 gargoyles (D:15)
  6 kobold demonologists
  A torpor snail (Lair:8)
  A molten gargoyle (Volcano)
  11 komodo dragons
  2 yaktaurs
  An efreet (D:15)
  A freezing wraith (D:15)
  4 trolls
  7 fire drakes
  5 giant leeches
  A polar bear (Orc:3)
  2 tengu conjurers (D:14)
  A wind drake (Bailey)
  14 slime creatures
  A boulder beetle (shapeshifter) (D:15)
  18 blink frogs
  A boulder beetle (Lair:8)
  2 bog bodies
  A tarantella (shapeshifter) (D:13)
  A vampire (D:14)
  2 wyverns
  65 yaks
  A trapdoor spider (D:12)
  3 shadows
  3 water elementals (D:15)
  3 deep elf magi
  2 fire elementals (Volcano)
  A human (D:9)
  A steam dragon (D:10)
  6 hippogriffs
  A wraith (D:13)
  A wolf (Orc:3)
  A hungry ghost (D:12)
  2 soldier ants
  Menkaure (D:5)
  5 basilisks
  43 nagas
  7 insubstantial wisps
  2 mottled dragons
  11 water moccasins
  16 vampire mosquitoes
  3 wargs
  10 porcupines
  14 swamp worms
  5 swamp drakes
  An ice beast (D:7)
  3 black bears
  A necrophage (D:9)
  5 sky beasts
  A phantom (D:7)
  11 ogres
  4 eyes of draining
  13 wasps
  5 big kobolds
  36 orc warriors
  11 centaurs
  18 crocodiles
  A brain worm (D:13)
  26 giant frogs
  A wyvern skeleton (D:12)
  10 scorpions
  13 wights
  5 killer bees (D:13)
  9 electric eels
  A giant frog zombie (D:6)
  10 crimson imps
  5 centaur zombies
  10 hounds
  5 centaur skeletons
  2 jellies
  29 orc wizards
  A giant frog skeleton (D:10)
  40 orc priests
  Jessica (D:3)
  11 iguanas
  13 worker ants
  21 sheep
  A statue (D:4)
  A killer bee zombie (D:9)
  6 hell rats
  15 gnolls
  58 river rats
  2 shadow imps
  11 adders
  An ooze (D:5)
  2 adder skeletons
  A worm (D:3)
  4 giant geckos
  202 orcs
  3 giant cockroaches
  15 goblins
  13 hobgoblins
  10 jackals
  12 kobolds
  5 quokkas
  4 ball pythons
  10 bats
  2 giant gecko skeletons
  A giant gecko zombie (D:6)
  8 giant newts
  3 quokka skeletons
  14 rats
  2 bushes (Lair:8)
  A fungus (Lair:4)
1353 creatures vanquished.

Vanquished Creatures (others)
  A naga mage (Snake:4)
  A spriggan (Swamp:4)
  2 insubstantial wisps (Swamp:3)
  A fire vortex (Volcano)
  3 fulminant prisms (Snake:4)
  76 fungi
  42 plants
  8 toadstools (Lair:3)
134 creatures vanquished.

Grand Total: 1487 creatures vanquished

Notes
Turn   | Place    | Note
--------------------------------------------------------------
     0 | D:1      | Redz the Gargoyle Warper began the quest for the Orb.
     0 | D:1      | Reached XP level 1. HP: 12/12 MP: 3/3
     6 | D:1      | Noticed a salamander
     6 | D:1      | Noticed a black bear
     6 | D:1      | Noticed a worker ant
     7 | D:1      | Noticed a fire drake
   185 | D:1      | Reached XP level 2. HP: 14/17 MP: 5/5
   698 | D:1      | Learned a level 2 spell: Blink
   827 | D:1      | Reached skill level 1 in Stealth
   974 | D:2      | Reached XP level 3. HP: 12/22 MP: 6/6
  1009 | D:2      | Noticed Terence
  1556 | D:2      | Learned a level 2 spell: Shroud of Golubria
  1843 | D:2      | Reached XP level 4. HP: 24/27 MP: 7/7
  2407 | D:3      | Noticed Jessica
  2430 | D:3      | Killed Jessica
  2982 | D:4      | Reached skill level 3 in Translocations
  2992 | D:4      | Reached XP level 5. HP: 26/32 MP: 8/8
  3208 | D:4      | Reached XP level 6. HP: 12/37 MP: 9/9
  3665 | D:4      | Found a radiant altar of Vehumet.
  3665 | D:4      | Noticed a frost-covered statue
  3992 | D:4      | Reached skill level 4 in Maces & Flails
  4148 | D:5      | Entered Level 5 of the Dungeon
  4152 | D:5      | Reached XP level 7. HP: 37/42 MP: 11/11
  4154 | D:5      | Noticed Menkaure
  4304 | D:5      | Found a staircase to the Ecumenical Temple.
  4314 | Temple   | Entered the Ecumenical Temple
  4410 | Temple   | Became a worshipper of Warmaster Okawaru
  4470 | D:5      | Killed Menkaure
  5282 | D:5      | Got a faintly humming ring mail
  5283 | D:5      | Identified the +4 ring mail "Vugalea" {-Cast rPois rN+} (You found it on level 5 of the Dungeon)
  5363 | D:5      | Reached * piety under Okawaru
  5606 | D:5      | Found Humyecol's General Store.
  5841 | D:5      | Reached XP level 8. HP: 46/48 MP: 12/12
  5852 | D:5      | Reached skill level 5 in Fighting
  5865 | D:5      | Found a sacrificial altar of Ru.
  5910 | D:6      | Reached skill level 5 in Maces & Flails
  6204 | D:6      | Noticed an angel
  6205 | D:6      | Noticed Kloppie's ghost (novice CeFi)
  6392 | D:6      | Found a glowing golden altar of the Shining One.
  6392 | D:6      | Found Lodd's Hallowed Reliquary.
  6403 | D:6      | Bought a potion of heal wounds for 55 gold pieces
  6855 | D:6      | Reached ** piety under Okawaru
  7133 | D:6      | Reached XP level 9. HP: 42/55 MP: 11/14
  7186 | D:4      | Killed a frost-covered statue
  7491 | D:5      | Reached skill level 6 in Maces & Flails
  7524 | D:7      | Learned a level 4 spell: Passage of Golubria
  8140 | D:8      | Reached skill level 5 in Armour
  8546 | D:8      | Reached skill level 5 in Translocations
  8619 | D:8      | Reached *** piety under Okawaru
  8938 | D:8      | Found Aghecikk's Jewellery Shoppe.
  9341 | D:9      | Reached XP level 10. HP: 50/61 MP: 16/16
  9353 | D:9      | Reached skill level 7 in Fighting
  9369 | D:9      | Learned a level 6 spell: Iron Shot
  9627 | D:9      | Reached skill level 1 in Earth Magic
  9752 | D:9      | Reached skill level 5 in Stealth
 10089 | D:9      | Reached skill level 1 in Shields
 10160 | D:10     | Entered Level 10 of the Dungeon
 10160 | D:10     | Found Ximewn's General Store.
 10540 | D:10     | Reached **** piety under Okawaru
 10598 | D:10     | Noticed a hill giant
 11100 | D:11     | Found a portal to a secret trove of treasure.
 11482 | D:11     | Found a staircase to the Orcish Mines.
 11529 | D:11     | Noticed Starve's ghost (journeyman HEWr)
 12335 | D:10     | Reached skill level 5 in Spellcasting
 12738 | D:11     | Reached skill level 8 in Fighting
 12822 | D:10     | Killed a hill giant
 12822 | D:10     | Reached ***** piety under Okawaru
 13118 | D:6      | Killed Kloppie's ghost
 13118 | D:6      | Reached XP level 11. HP: 68/68 MP: 9/19
 13302 | D:7      | HP: 1/69 [orc priest/divine providence (9)]
 14515 | D:11     | Found a staircase to the Lair.
 14820 | D:6      | Bought a wand of heal wounds (6) for 660 gold pieces
 14985 | D:11     | Noticed a red ugly thing
 15370 | D:11     | Reached skill level 5 in Earth Magic
 15498 | D:11     | Found Oddel's Armour Shop.
 15734 | D:11     | Killed a red ugly thing
 15789 | Lair:1   | Entered Level 1 of the Lair of Beasts
 16022 | Lair:1   | Reached skill level 5 in Dodging
 16312 | Lair:1   | HP: 1/69 [black mamba (14)]
 16418 | Lair:1   | Noticed a seven-headed hydra
 16437 | Lair:1   | Noticed an eight-headed hydra
 16647 | D:12     | Reached skill level 9 in Fighting
 16647 | D:12     | Reached skill level 1 in Conjurations
 17023 | D:11     | Received a gift from Okawaru
 17434 | D:11     | Reached skill level 5 in Shields
 18648 | Orc:1    | Entered Level 1 of the Orcish Mines
 18658 | D:11     | Received a gift from Okawaru
 18665 | D:11     | Got a polished scale mail {god gift}
 18678 | D:11     | Identified the +5 scale mail "Tetakuam" {Dex+6} (Okawaru gifted it to you on level 11 of the Dungeon)
 18763 | Orc:1    | Reached XP level 12. HP: 76/76 MP: 21/21
 19098 | Orc:2    | Found a flagged portal.
 19121 | Bailey   | Entered a bailey
 19370 | Bailey   | Found an iron altar of Okawaru.
 19844 | Bailey   | Got a scorched scimitar
 19845 | Bailey   | Identified the +5 scimitar of Mandamus {slice, Str+4} (You found it in a bailey)
 20646 | Orc:3    | Found Reismam's Antique Weapon Shoppe.
 20649 | Orc:3    | Found Ilis's Magic Scroll Shoppe.
 20664 | Orc:3    | Found a frozen archway.
 20666 | Orc:3    | Noticed an ice dragon
 21184 | Orc:2    | Noticed Rupert
 21188 | Orc:2    | Paralysed by Rupert for 3 turns
 21193 | Orc:1    | Found Jeakk's Gadget Shoppe.
 21539 | Orc:2    | Paralysed by Rupert for 5 turns
 21583 | Orc:2    | Killed Rupert
 21773 | Orc:4    | Entered Level 4 of the Orcish Mines
 21785 | Orc:4    | Found a staircase to the Elven Halls.
 21823 | Orc:4    | Found Utolet's Magic Scroll Shoppe.
 21831 | Orc:4    | Noticed a stone giant
 21889 | Orc:3    | Found Gasmerei's Gadget Boutique.
 21896 | Orc:3    | Received a gift from Okawaru
 21909 | Orc:3    | Found Cuizag's Distillery.
 22111 | Orc:3    | Found Myghom's Assorted Antiques.
 22666 | Orc:4    | Bought a scroll of enchant armour for 97 gold pieces
 22725 | Orc:4    | Killed a stone giant
 22956 | Orc:4    | Reached skill level 5 in Conjurations
 22985 | Orc:4    | HP: 2/77 [orc priest/divine providence (12)]
 23137 | Orc:4    | Noticed an orc high priest
 23186 | Orc:4    | Killed an orc high priest
 23186 | Orc:4    | Reached skill level 10 in Fighting
 23243 | Orc:4    | Noticed an orc high priest
 23346 | Orc:4    | Killed an orc high priest
 23346 | Orc:4    | Received a gift from Okawaru
 23346 | Orc:4    | Reached XP level 13. HP: 51/82 MP: 21/23
 23678 | Orc:4    | Noticed an orc high priest
 23679 | Orc:4    | Noticed an orc high priest
 23698 | Orc:4    | Killed an orc high priest
 24170 | Orc:4    | Noticed an orc high priest
 24208 | Orc:4    | Killed an orc high priest
 24356 | Orc:4    | Killed an orc high priest
 24459 | Orc:4    | Reached ****** piety under Okawaru
 24632 | Orc:4    | Found Xeudiupe's Antique Armour Shoppe.
 24633 | Orc:4    | Found Evyt Nag's Armour Shoppe.
 24633 | Orc:4    | Found Uxapu's Food Emporium.
 24634 | Orc:4    | Found Rufiekk's Distillery.
 24644 | Orc:4    | Bought a twisted leather armour for 203 gold pieces
 24654 | Orc:4    | Identified the +1 leather armour "Zoed" {*Corrode rC+ MP+9 Stlth+} (You bought it in a shop on level 4 of the Orcish Mines)
 24732 | Orc:4    | Reached skill level 1 in Invocations
 24737 | Elf:1    | Entered Level 1 of the Elven Halls
 25393 | Lair:1   | Received a gift from Okawaru
 25436 | Lair:1   | Reached skill level 10 in Maces & Flails
 25765 | Lair:1   | Killed an eight-headed hydra
 25877 | Lair:1   | Killed a seven-headed hydra
 26884 | Lair:3   | Noticed Nergalle
 26903 | Lair:3   | Killed Nergalle
 26903 | Lair:3   | Gained mutation: Your large and strong wings let you fly indefinitely. [Gargoyle growth]
 26903 | Lair:3   | Reached XP level 14. HP: 80/88 MP: 22/25
 26937 | Lair:3   | Got an obsidian-encrusted leather armour
 26939 | Lair:3   | Found a dark tunnel.
 26953 | Lair:3   | Identified the +1 leather armour "Raler" {MR+ Dex+2} (You found it on level 3 of the Lair of Beasts)
 26979 | Volcano  | Entered a volcano
 27004 | Volcano  | Reached skill level 1 in Evocations
 27460 | Lair:3   | Noticed a dire elephant
 27663 | Lair:3   | Killed a dire elephant
 27889 | Lair:4   | Found a staircase to the Swamp.
 28094 | Lair:3   | Reached skill level 11 in Fighting
 28323 | Lair:4   | Received a gift from Okawaru
 28335 | Lair:4   | Got a dazzling morningstar {god gift}
 28336 | Lair:4   | Identified the +6 morningstar "Ytill" {freeze, Dex+3} (Okawaru gifted it to you on level 4 of the Lair of Beasts)
 28909 | Lair:5   | You are sucked into a shaft for 2 floors!
 28953 | Lair:7   | Received a gift from Okawaru
 29529 | Lair:5   | Found a staircase to the Snake Pit.
 29928 | Lair:6   | Noticed Snorg
 29952 | Lair:6   | Killed Snorg
 30017 | Lair:6   | Noticed Maud
 30031 | Lair:6   | Killed Maud
 30566 | Lair:7   | Reached XP level 15. HP: 78/95 MP: 26/26
 31590 | Lair:8   | Entered Level 8 of the Lair of Beasts
 31689 | Lair:8   | Received a gift from Okawaru
 31721 | Lair:8   | Found a viscous altar of Jiyva.
 31722 | Lair:8   | Found a staircase to the Slime Pits.
 32084 | Lair:8   | Reached skill level 10 in Earth Magic
 33461 | D:11     | Killed Starve's ghost
 33767 | D:12     | Noticed a hill giant
 33867 | D:12     | Noticed Gastronok
 33881 | D:12     | Killed Gastronok
 33967 | D:12     | Noticed a hill giant
 33986 | D:12     | Killed a hill giant
 34005 | D:12     | Killed a hill giant
 34216 | D:13     | Noticed a hill giant
 34221 | D:13     | Killed a hill giant
 34254 | D:13     | Found Pyrhic's Jewellery Emporium.
 34262 | D:13     | Bought an uncursed ring of see invisible for 255 gold pieces
 34289 | D:13     | Received a gift from Okawaru
 34290 | D:13     | Got a warped buckler {god gift}
 34301 | D:13     | Identified the -3 buckler of the Forgotten Nights {*Drain +Blink rPois rC+} (Okawaru gifted it to you on level 13 of the Dungeon)
 34654 | D:13     | Found a gate to the Vaults.
 34654 | D:13     | Noticed a vault guard
 34654 | D:13     | Noticed a vault guard
 34654 | D:13     | Noticed a vault guard
 34654 | D:13     | Noticed a vault guard
 34677 | D:13     | Killed a vault guard
 34689 | D:13     | Killed a vault guard
 34817 | D:13     | Killed a vault guard
 34834 | D:13     | Reached XP level 16. HP: 88/101 MP: 25/28
 34866 | D:13     | Killed a vault guard
 35092 | D:13     | Found Onanaity's Antique Weapon Shoppe.
 35094 | D:13     | Found Mowajec's Jewellery Shoppe.
 35114 | D:13     | Bought a jewelled morningstar for 270 gold pieces
 35114 | D:13     | Identified the +4 morningstar of Cobwebs {flame, MP+9} (You bought it in a shop on level 13 of the Dungeon)
 35162 | D:13     | Noticed an unseen horror
 35165 | D:13     | Killed an unseen horror
 35652 | D:14     | Reached skill level 10 in Stealth
 36123 | D:14     | Reached skill level 10 in Conjurations
 36319 | D:14     | Found a shimmering altar of Xom.
 36467 | D:14     | Learned a level 5 spell: Phase Shift
 36740 | D:15     | Entered Level 15 of the Dungeon
 36876 | D:15     | Received a gift from Okawaru
 37031 | D:15     | Found a deep blue altar of Sif Muna.
 37222 | D:15     | Found a staircase to the Depths.
 37680 | D:15     | Reached skill level 10 in Armour
 38245 | Snake:1  | Entered Level 1 of the Snake Pit
 38256 | Lair:5   | Gained mutation: You can translocate small distances at will. [potion of beneficial mutation]
 38267 | Lair:5   | Lost mutation: You can translocate small distances at will. [potion of cure mutation]
 38943 | Snake:2  | Reached skill level 12 in Fighting
 38966 | Snake:2  | Found Zamuab Loah's Distillery.
 38972 | Snake:2  | Got a steaming ring mail
 39381 | Snake:1  | Got a steaming shield
 39403 | Snake:1  | Identified the +4 shield "Buprijiu" {rElec rN+ Dex-2} (You found it on level 1 of the Snake Pit)
 39416 | Snake:1  | Identified the +1 ring mail of the Trilobite {Int+4} (You found it on level 2 of the Snake Pit)
 39661 | Snake:2  | Reached XP level 17. HP: 98/106 MP: 29/29
 41285 | Snake:3  | Reached skill level 10 in Shields
 41319 | Snake:3  | Received a gift from Okawaru
 41463 | Snake:4  | Entered Level 4 of the Snake Pit
 43209 | Snake:4  | Received a gift from Okawaru
 43593 | Snake:4  | Noticed Aizul
 43611 | Snake:4  | Killed Aizul
 43887 | Snake:4  | Noticed Wiglaf
 44001 | Snake:4  | Reached skill level 5 in Evocations
 44220 | Snake:4  | Reached XP level 18. HP: 92/113 MP: 31/31
 44265 | Snake:3  | Received a gift from Okawaru
 44740 | Lair:6   | Learned a level 4 spell: Fulminant Prism
 45436 | Snake:4  | HP: 2/113 [naga sharpshooter/bolt of penetration (18)]
 45688 | Orc:4    | Bought a scroll of recharging for 123 gold pieces
 45952 | D:6      | Bought a wand of heal wounds (4) for 528 gold pieces
 46017 | D:5      | Bought a wand of teleportation (7) for 495 gold pieces
 46495 | Snake:4  | Killed Wiglaf
 46610 | Snake:4  | Received a gift from Okawaru
 47039 | Snake:4  | Received a gift from Okawaru
 47039 | Snake:4  | Reached skill level 13 in Earth Magic
 47637 | Snake:4  | Got a serpentine rune of Zot
 47807 | Swamp:1  | Entered Level 1 of the Swamp
 48057 | Swamp:1  | Noticed Louise
 48085 | Swamp:1  | Killed Louise
 48552 | Swamp:2  | Noticed Jorgrun
 48739 | Swamp:2  | Received a gift from Okawaru
 48828 | Swamp:2  | Noticed Roxanne
 49493 | Swamp:2  | Killed Jorgrun
 49734 | Swamp:3  | Reached XP level 19. HP: 86/119 MP: 14/32
 50401 | Swamp:4  | Entered Level 4 of the Swamp
 50635 | Swamp:4  | HP: 6/120 [spriggan druid/angry trees (3)]
 50753 | Swamp:4  | Received a gift from Okawaru
 50765 | Swamp:4  | Identified a +0 pair of boots of running (Okawaru gifted it to you on level 4 of the Swamp)
 50870 | Swamp:4  | HP: 9/180 [swamp dragon (3)]
 50872 | Swamp:4  | Slain by a six-headed hydra

Action                   |  1- 3 |  4- 6 |  7- 9 | 10-12 | 13-15 | 16-18 | 19-21 || total
-------------------------+-------+-------+-------+-------+-------+-------+-------++-------
Melee: Mace              |   186 |    63 |   426 |  1514 |       |       |       ||  2189
       Flail             |       |   131 |   189 |     9 |       |       |       ||   329
       Morningstar       |       |       |    21 |       |  1113 |  2242 |   209 ||  3585
       Dire flail        |       |       |       |   341 |   806 |       |       ||  1147
 Cast: Shroud of Golubri |       |     7 |    25 |    40 |     3 |     5 |       ||    80
       Blink             |       |       |    12 |     4 |       |       |       ||    16
       Apportation       |       |       |     1 |       |     3 |       |       ||     4
       Passage of Golubr |       |       |     3 |    38 |    50 |    85 |     4 ||   180
       Iron Shot         |       |       |       |       |       |    34 |       ||    34
       Phase Shift       |       |       |       |       |       |    27 |       ||    27
       Fulminant Prism   |       |       |       |       |       |     3 |       ||     3
Invok: Heroism           |       |       |       |    11 |     7 |     3 |     1 ||    22
       Finesse           |       |       |       |       |       |     1 |       ||     1
 Abil: Evoke Berserk Rag |       |       |       |    15 |    27 |    27 |     4 ||    73
       Fly               |       |       |       |       |     3 |     2 |       ||     5
       Stop Flying       |       |       |       |       |     3 |       |       ||     3
Evoke: Wand              |       |       |       |     8 |     9 |    16 |     3 ||    36
  Use: Scroll            |       |       |    14 |    15 |    14 |    17 |     6 ||    66
       Potion            |       |       |     8 |     2 |       |    13 |       ||    23
 Stab: Sleeping          |     2 |     2 |     8 |    18 |    44 |    27 |     1 ||   102
       Distracted        |       |       |     1 |     3 |     3 |     6 |       ||    13
       Confused          |       |       |       |       |       |       |     1 ||     1
       Paralysed         |       |       |       |       |       |       |     1 ||     1
  Eat: Chunk             |     3 |     8 |    11 |    51 |    51 |    29 |     8 ||   161
       Meat ration       |       |       |     1 |       |       |     8 |       ||     9
       Bread ration      |       |       |     1 |     3 |     5 |     7 |       ||    16
       Royal jelly       |       |       |       |     1 |     1 |     1 |       ||     3
       Fruit             |       |       |       |       |       |     1 |       ||     1
       Beef jerky        |       |       |       |       |       |     1 |       ||     1
